 Dungeon Crawl Stone Soup version 0.32-a0-834-geaf45d8e21 (webtiles) character file.

Game seed: 13999853308724742443

7 jasper the Chopper (level 1, -2/17 HPs)
             Began as a Mountain Dwarf Gladiator on Mar 25, 2024.
             Succumbed to an adder's poison
             ... on level 3 of the Dungeon.
             The game lasted 00:00:34 (260 turns).

jasper the Chopper (Mountain Dwarf Gladiator)        Turns: 260, Time: 00:00:35

Health: -2/17      AC:  4    Str: 16    XL:     1   Next: 83%
Magic:  1/1        EV: 10    Int:  8    God:
Gold:   28         SH:  0    Dex: 11    Spells: 0/0 levels left

rFire   . . .        a - +0 war axe
rCold   . . .        (no shield)
rNeg    . . .        b - +0 leather armour
rPois   .            c - +0 helmet
rElec   .            (no cloak)
rCorr   .            (no gloves)
SInv    .            (no boots)
Will    .....        (no amulet)
Stlth   +            (no ring)
HPRegen 0.22/turn    (no ring)
MPRegen 0.07/turn

%: no passive effects
@: lethally poisoned (-2 -> -9)
A: runic magic, artefact enchanting
a: no special abilities


You were on level 3 of the Dungeon.
You visited 1 branch of the dungeon, and saw 3 of its levels.

You collected 28 gold pieces.

Inventory:

Hand Weapons
 a - a +0 war axe (weapon)
Missiles
 d - 3 throwing nets (quivered)
 e - a javelin
 g - 9 stones
Armour
 b - a +0 leather armour (worn)
 c - a +0 helmet (worn)
Jewellery
 f - a ring of wizardry


   Skills:
 - Level 2.1 Fighting
 + Level 4.2 Axes
 - Level 1.5 Throwing
 - Level 2.1 Dodging


You couldn't memorise any spells.
You didn't know any spells.
Your spell library was empty.

Dungeon Overview and Level Annotations

Branches:
Dungeon (3/15)

Altars:
Gozag


Innate Abilities, Weirdness & Mutations

Your spellcasting is much less encumbered by armour.
You can use scrolls of enchantment on lesser artefacts.


Message History

The adder hisses angrily.
The adder bites you but does no damage.
You barely miss the adder. The adder closely misses you. x2
You barely miss the adder. The adder bites you but does no damage.
You slash the adder!
The adder is severely wounded.
The adder bites you. x2
You are poisoned.
The adder poisons you!
You take 4 damage, and have 13/17 hp.
MASSIVE DAMAGE!!
You closely miss the adder.
The adder is severely wounded.
You feel sick. The adder closely misses you. The adder barely misses you.
You take 2 damage, and have 11/17 hp.
You closely miss the adder.
The adder is severely wounded.
You feel sick. The adder bites you.
You are more poisoned.
The adder poisons you!
You take 2 damage, and have 9/17 hp.
You closely miss the adder.
The adder is severely wounded.
You feel sick. The adder barely misses you. The adder closely misses you.
You take 1 damage, and have 8/17 hp.
You closely miss the adder.
The adder is severely wounded.
You feel sick. The adder bites you. x2
* * * LOW HITPOINT WARNING * * *
You are lethally poisoned!
The adder poisons you!
You take 4 damage, and have 4/17 hp.
MASSIVE DAMAGE!!
You miss the adder.
The adder is severely wounded.
* * * LOW HITPOINT WARNING * * *
You feel very sick. The adder closely misses you.
You take 3 damage, and have 1/17 hp.
You slash the adder!
You kill the adder!
You die...

#...# .#.. ...#
..# ..$ #.# #†#
#@# #.#
################.#
#................#
...###############
.#..# ....# #.#.#
#.#.#


There were no monsters in sight!

Vanquished Creatures
  An adder (D:3)
  An orc (D:3)
  A goblin (D:3)
  A hobgoblin (D:3)
  A bat (D:3)
  2 rats (D:3)
7 creatures vanquished.

Notes
Turn   | Place    | Note
-------+----------+-------------------------------------------
     0 | D:1      | jasper the Mountain Dwarf Gladiator began the quest for the
                  | Orb.
     0 | D:1      | Reached XP level 1. HP: 17/17 MP: 1/1
    72 | D:3      | Found an opulent altar of Gozag.
   142 | D:3      | Reached skill level 4 in Axes
   260 | D:3      | Succumbed to an adder's poison

Illustrated notes

Levels and vault maps discovered:
D:1:      dpeg_arrival_stonehenge_12_columns, layout_loops_ring,
          basic_ecumenical_altar, st_stairs_14, chequers_serial_rivers_small_3,
          chequers_decorated_corner
D:2:      layout_rooms, serial_co_window_serial, co_window_paths_b,
          co_window_corner_a, co_window_paths_a, co_window_corner_a,
          co_window_of_opportunity_a, co_window_corner_a, co_window_corner_a,
          co_window_paths_a, co_window_paths_b, co_window_broadway_c,
          co_window_paths_c, co_window_cross_3, glass_columns_c,
          glass_columns_a, glass_columns_b, glass_columns_a, glass_columns_a
D:3:      layout_loops_ring, grunt_gozag_statues, mainiacjoe_overflow_catwalk,
          minmay_misc_feat_cross, kennysheep_generic_room_16

Skill      XL: |  1 |
---------------+----+-----
Axes           | 4 |  4.2
Fighting       | |  2.1
Throwing       | |  1.5
Dodging        | |  2.1

Action                     || total
---------------------------++-------
  Melee: War axe           ||    36
   Stab: Sleeping          ||     1
 Armour: Leather armour    ||    26
  Dodge: Dodged            ||    23

Table legend: (Time is in decaauts)
 A = Elapsed time spent in this place.
 B = Non-inter-level travel time spent in this place.
 C = Inter-level travel time spent in this place.
 D = Time resting spent in this place.
 E = Time spent auto-exploring this place.
 F = Levels seen in this place.
 G = Mean time per level.
                   A        B        C        D        E       F      G
               +--------+--------+--------+--------+--------+-----+--------+
         Total |    271 |    251 |     20 |      0 |    136 |   3 |   90.3 |
       Dungeon |    271 |    251 |     20 |      0 |    136 |   3 |   90.3 |
               +--------+--------+--------+--------+--------+-----+--------+

Top non-repeatable levels by time:
     D:3: 200 daAuts
     D:2: 68 daAuts
     D:1: 2 daAuts
